 Dungeon Crawl Stone Soup version 0.32-a0-913-g739538afd8 (webtiles) character file.

Game seed: 1656966699623150037

7392 Rennog the Thaumaturge (level 11, -4/75 HPs)
             Began as an Octopode Conjurer on Apr 9, 2024.
             Was a Priest of Vehumet.
             Slain by a yak (15 damage)
             ... on level 9 of the Dungeon.
             The game lasted 00:34:32 (12308 turns).

Rennog the Thaumaturge (Octopode Conjurer)         Turns: 12308, Time: 00:34:34

Health: -4/75      AC:  1    Str:  9    XL:     11   Next: 14%
Magic:  1/25       EV: 13    Int: 20    God:    Vehumet [***...]
Gold:   412        SH:  0    Dex: 13    Spells: 11/31 levels left

rFire   . . .        B - staff of conjuration
rCold   . . .        (no shield)
rNeg    . . .        (helmet restricted)
rPois   .            (no amulet)
rElec   .            m - ring of flight
rCorr   .            (no ring)
SInv    .            (no ring)
Will    .....        (no ring)
Stlth   +++          (no ring)
HPRegen 0.32/turn    (no ring)
MPRegen 0.19/turn    (no ring)
                     (no ring)

%: no passive effects
@: flying
A: almost no armour, amphibious, 8 rings, camouflage 1, gelatinous body 1,
(nimble swimmer 1), tentacles
a: Renounce Religion


You were on level 9 of the Dungeon.
You worshipped Vehumet.
Vehumet was most pleased with you.
You visited 2 branches of the dungeon, and saw 10 of its levels.
You also visited: Ossuary.

You collected 511 gold pieces.
You spent 99 gold pieces at shops.

Inventory:

Hand Weapons
 g - a +0 short sword of speed
 j - a +4 sling of freezing
Magical Staves
 B - a staff of conjuration (weapon)
Jewellery
 b - a ring of ice
 m - a ring of flight (left tentacle)
 q - a ring of poison resistance
 A - a ring of fire
Wands
 C - a wand of polymorph (12)
Scrolls
 c - 3 scrolls of blinking
 d - 8 scrolls of teleportation
 f - 3 scrolls of poison
 h - a scroll of fog
 o - a scroll of enchant weapon
 p - 4 scrolls of vulnerability
 r - a scroll of noise {unknown}
 t - 3 scrolls of amnesia {unknown}
 u - 2 scrolls of torment {unknown}
 v - 5 scrolls of identify
 w - a scroll of acquirement {unknown}
 y - a scroll of silence {unknown}
 D - 2 scrolls of enchant armour {unknown}
Potions
 a - a potion of magic
 e - 2 potions of enlightenment {unknown}
 i - 7 potions of curing {unknown}
 k - 2 potions of resistance {unknown}
 l - 5 potions of mutation {unknown}
 n - a potion of cancellation {unknown}
 s - 3 potions of might {unknown}
 x - a potion of lignification {unknown}
 z - 3 potions of heal wounds {unknown}


   Skills:
 - Level 7.0 Fighting
 + Level 3.7 Dodging
 - Level 4.1 Stealth
 * Level 10.8 Spellcasting
 + Level 8.6 Conjurations
 - Level 4.0 Translocations
 - Level 3.0 Earth Magic


You had 11 spell levels left.
You knew the following spells:

 Your Spells              Type           Power      Damage    Failure   Level
a - Magic Dart            Conj           100%       1d8       1%          1
b - Searing Ray           Conj           100%       2d8       1%          2
c - Blink                 Tloc           54%        N/A       1%          2
d - Fulminant Prism       Conj/Alch      21%        3d12      3%          4
e - Passwall              Erth           23%        N/A       5%          3
f - Iskenderun's Mystic   Conj/Tloc      53%        2d11      (+2d61%     4
g - Passage of Golubria   Tloc           27%        N/A       12%         4

Your spell library contained the following spells:

 Spells                   Type           Power      Damage    Failure   Level
 Airstrike                Air            5%         2d(1-17)  17%         4
 Apportation              Tloc           54%        N/A       1%          1
 Sting                    Conj/Alch      100%       1d9       1%          1
 Lesser Beckoning         Tloc           54%        N/A       1%          2
 Momentum Strike          Conj/Tloc      100%       3d10      1%          2
 Volatile Blastmotes      Fire/Tloc      36%        2d13      2%          3
 Necrotise                Necr           40%        1d6       6%          1
 Summon Small Mammal      Summ           40%        N/A       6%          1
 Bombard                  Conj/Erth      25%        9d5       22%         6
 Vhi's Electric Charge    Tloc/Air       36%        N/A       28%         4
 Silence                  Hex/Air        5%         N/A       87%         5
 Lehudib's Crystal Spear  Conj/Erth      25%        10d7      100%        8


Dungeon Overview and Level Annotations

Branches:
Dungeon (9/15)             Temple (1/1) D:5            Lair (0/5) D:8
Ossuary (visited)
    Orc: D:9-12

Altars:
Cheibriados
Dithmenos
Fedhas
Makhleb
Nemelex Xobeh
Okawaru
Qazlal
Ru
Sif Muna
Trog
Uskayaw
Vehumet
Wu Jian
Xom
Yredelemnul
Zin
The Shining One

Shops:
D:1 [   D:2 *   D:4 *


Innate Abilities, Weirdness & Mutations

You cannot wear most types of armour.
You are amphibious.
You can wear up to eight rings at the same time.
Your skin changes colour to match your surroundings (Stealth+).
Your rubbery body absorbs attacks. (AC +1, EV +1)
((You are camouflaged when in or above water. (Stealth+)))
You have tentacles for arms and can constrict up to eight enemies at once.


Message History

(Press . to maintain the ray.)
The yak barely misses you.
Your fulminant prism crackles loudly.
The searing ray hits the yak.
The yak is severely wounded.
The searing ray hits the yak!
The yak is moderately wounded.
The yak barely misses you.
Your fulminant prism explodes!
The blast of energy engulfs the yak!!
The yak is almost dead.
The blast of energy engulfs the yak!!
You kill the yak!
Vehumet accepts your kill.
You feel your power returning.
Casting: Searing Ray (safe; 1% risk of failure)
Confirm with . or Enter, or press ? or * to list all spells.
Restarting spell: Searing Ray (safe; 1% risk of failure)
Press: ? - help, Shift-Dir - straight line, f/p - yak
Aim: a yak (almost dead, 90% to hit)
You feel a surge of power!
The searing ray hits the yak.
The yak is almost dead. (Press . to maintain the ray.)
The yak gores you!
The searing ray hits the yak.
You kill the yak!
Vehumet accepts your kill. The yak gores you!
* * * LOW HITPOINT WARNING * * *
Unknown command.
Casting: Searing Ray (safe; 1% risk of failure)
Confirm with . or Enter, or press ? or * to list all spells.
Restarting spell: Searing Ray (safe; 1% risk of failure)
Press: ? - help, Shift-Dir - straight line, f - yak
Aim: a yak (severely wounded, 90% to hit)
You feel a surge of power!
The searing ray hits the yak!
The yak is almost dead. (Press . to maintain the ray.)
The yak gores you!
You die...

#################################
..........................).<....
#########..................÷.....
#......†@................
#......†Y................
#......†.........>.......
#........................
#..†.....................
#........................
#########........................
.................................
...[.)..#########################


You could see a yak.

Vanquished Creatures
  A two-headed ogre (D:9)
  A kobold demonologist (D:9)
  Grinder (D:3)
  Sigmund (D:3)
  11 yaks
  2 water moccasins
  3 orc warriors
  Pargi (D:3)
  A sky beast (D:7)
  3 ice beasts
  3 black bears
  An ogre (D:5)
  2 centaurs
  A phantom (D:4)
  4 elf zombies (Ossuary)
  A kobold brigand (D:7)
  3 bullfrogs
  2 scorpions
  14 wights
  6 killer bees
  2 centaur zombies (Ossuary)
  A human zombie (Ossuary)
  3 jellies
  6 hounds
  2 bombardier beetles
  A gnoll bouda (D:7)
  2 orc priests
  Jessica (D:2)
  6 iguanas
  Terence (D:2)
  10 orc wizards
  3 sleepcaps
  4 hound zombies (Ossuary)
  A hound skeleton (D:2)
  2 mummies (Ossuary)
  8 adders
  3 shadow imps (D:6)
  2 white imps (D:6)
  2 ufetubi (D:6)
  An adder skeleton (D:2)
  3 adder zombies (Ossuary)
  3 dart slugs
  3 ribbon worms (D:2)
  26 orcs
  8 ball pythons
  A bat skeleton (D:2)
  4 endoplasms
  2 giant cockroaches
  9 gnoll zombies (Ossuary)
  13 goblins
  11 hobgoblins
  5 jackals
  7 quokkas
  13 bats
  3 frilled lizards (D:1)
  4 jackal zombies (Ossuary)
  16 kobolds
  5 kobold zombies (Ossuary)
  5 orc zombies (Ossuary)
  5 rats
269 creatures vanquished.

Vanquished Creatures (others)
  38 fulminant prisms
38 creatures vanquished.

Grand Total: 307 creatures vanquished

Notes
Turn   | Place    | Note
-------+----------+-------------------------------------------
     0 | D:1      | Rennog the Octopode Conjurer began the quest for the Orb.
     0 | D:1      | Reached XP level 1. HP: 11/11 MP: 3/3
   135 | D:1      | Reached XP level 2. HP: 9/17 MP: 0/5
   226 | D:1      | Learned a level 2 spell: Searing Ray
   455 | D:1      | Found Haliw's Armour Emporium.
   661 | D:1      | Reached XP level 3. HP: 21/21 MP: 4/7
   739 | D:1      | Found a faded altar of an unknown god.
   792 | D:1      | Prayed at the altar of an unknown god.
   792 | D:1      | Became a worshipper of the Shining One
   792 | D:1      | Reached * piety under the Shining One
   931 | D:1      | Reached skill level 3 in Spellcasting
  1544 | D:2      | Reached XP level 4. HP: 27/27 MP: 5/9
  1995 | D:2      | Reached skill level 1 in Fighting
  2130 | D:2      | Found Rakakk's Assorted Antiques.
  2134 | D:2      | Noticed Jessica
  2134 | D:2      | Noticed Terence
  2143 | D:2      | Killed Jessica
  2144 | D:2      | Reached skill level 4 in Spellcasting
  2144 | D:2      | Reached XP level 5. HP: 30/33 MP: 6/11
  2153 | D:2      | Killed Terence
  2309 | D:2      | Reached ** piety under the Shining One
  3393 | D:3      | Noticed Grinder
  3409 | D:3      | Killed Grinder
  3410 | D:3      | Reached skill level 5 in Spellcasting
  3410 | D:3      | Reached XP level 6. HP: 41/41 MP: 2/13
  3599 | D:3      | Noticed Sigmund
  3606 | D:3      | Killed Sigmund
  3607 | D:3      | Reached XP level 7. HP: 46/46 MP: 2/15
  3818 | D:3      | Noticed Pargi
  3826 | D:3      | Killed Pargi
  4036 | D:4      | Reached skill level 5 in Conjurations
  4041 | D:4      | Reached skill level 6 in Spellcasting
  4603 | D:4      | Reached XP level 8. HP: 54/54 MP: 9/17
  5212 | D:4      | Found Issepiq's General Store.
  5220 | D:4      | Bought a scroll of teleportation for 33 gold pieces
  5243 | D:4      | Bought 3 scrolls of identify for 66 gold pieces
  5489 | D:5      | Entered Level 5 of the Dungeon
  5676 | D:5      | Reached skill level 7 in Spellcasting
  5782 | D:5      | Found a staircase to the Ecumenical Temple.
  5794 | Temple   | Found a transporter.
  5794 | Temple   | Found a transporter.
  5794 | Temple   | Found a transporter.
  5794 | Temple   | Found a transporter.
  5794 | Temple   | Entered the Ecumenical Temple
  5812 | Temple   | Fell from the grace of the Shining One
  5812 | Temple   | Became a worshipper of Vehumet
  5891 | D:5      | Reached skill level 1 in Earth Magic
  6337 | D:6      | Learned a level 2 spell: Blink
  6462 | D:6      | Reached XP level 9. HP: 41/60 MP: 10/20
  6496 | D:6      | Reached skill level 5 in Fighting
  6622 | D:6      | Found a sand-covered staircase.
  6628 | Ossuary  | Entered an ossuary
  6898 | Ossuary  | Reached * piety under Vehumet
  6898 | Ossuary  | Offered knowledge of Sting by Vehumet.
  7080 | Ossuary  | Reached skill level 8 in Spellcasting
  7488 | Ossuary  | Reached ** piety under Vehumet
  7632 | D:6      | Learned a level 4 spell: Fulminant Prism
  7647 | D:6      | Offered knowledge of Mercury Vapours by Vehumet.
  8556 | D:7      | Learned a level 3 spell: Passwall
  8790 | D:7      | Reached skill level 1 in Translocations
  8791 | D:7      | Reached skill level 9 in Spellcasting
  9019 | D:6      | Reached XP level 10. HP: 63/68 MP: 12/23
  9537 | D:7      | Learned a level 4 spell: Iskenderun's Mystic Blast
 10183 | D:8      | Offered knowledge of Frozen Ramparts by Vehumet.
 10524 | D:8      | Learned a level 4 spell: Passage of Golubria
 10647 | D:8      | Found a staircase to the Lair.
 10676 | D:8      | Reached *** piety under Vehumet
 11038 | D:8      | Reached skill level 10 in Spellcasting
 11309 | D:8      | Offered knowledge of Airstrike by Vehumet.
 11762 | D:9      | Noticed a two-headed ogre
 11782 | D:9      | Killed a two-headed ogre
 11953 | D:9      | Noticed a kobold demonologist
 11956 | D:9      | Noticed a kobold demonologist
 11964 | D:9      | Noticed an orange demon
 11965 | D:9      | Killed a kobold demonologist
 11966 | D:9      | Reached XP level 11. HP: 68/75 MP: 8/25
 11968 | D:9      | Noticed a soul eater
 12308 | D:9      | Slain by a yak

Illustrated notes

Levels and vault maps discovered:
D:1:      roadster_arrival_rocket_large, layout_basic,
          hellmonk_ecumenical_altar_heavens_door, serial_shops, shop,
          serial_bayou_pond_d, kennysheep_crisscross
D:2:      kennysheep_six_static_rooms, layout_loops_ring, serial_undead,
          serial_undead_f, serial_undead_d, serial_undead_f, serial_undead_e,
          serial_shops, shop, uniq_jessica, uniq_terence
D:3:      layout_rooms, serial_co_window_serial, co_window_cross_1,
          co_window_paths_a, co_window_paths_b, co_window_paths_a,
          co_window_paths_a, co_window_paths_a, co_window_paths_b,
          co_window_cross_2, co_window_unsneaky_path_a, co_window_2corner,
          co_window_unsneaky_path_d, co_window_unsneaky_path_d,
          co_window_corner_b, glass_columns_a, glass_columns_a,
          chequers_serial_rivers_large_a, uniq_pargi, uniq_sigmund, uniq_grinder
D:4:      layout_cave_pods, serial_shops, shop
D:5:      layout_rooms, minmay_temple_entry_statues_fountains,
          minmay_ogre_servants
D:6:      layout_loops_ring, nicolae_ossuary_entry_plus,
          minmay_fractal_squares_diagonal_5
D:7:      layout_layer_cave, dreamdust_gnoll_shepherd
D:8:      layout_basic, dpeg_oklobed_lair
D:9:      layout_long_grid
Temple:   hellmonk_temple_divided_pantheon

Skill      XL: |  1  2  3  4  5  6  7  8  9 10 |
---------------+-------------------------------+-----
Stealth        | 3 4 |  4.1
Spellcasting   | 3 4 5 6 7 9 10 | 10.8
Fighting       | 1 2 3 4 6 7 |  7.0
Conjurations   | 5 6 7 8 |  8.6
Earth Magic    | 2 3 |  3.0
Translocations | 1 4 |  4.0
Dodging        | 3 |  3.7

Action                     |  1- 3 |  4- 6 |  7- 9 | 10-12 || total
---------------------------+-------+-------+-------+-------++-------
  Melee: Unarmed           |     7 |       |       |       ||     7
         Tentacles         |     3 |     3 |     1 |       ||     7
         Constrict         |     5 |     3 |       |     2 ||    10
         Short sword       |     6 |    11 |       |       ||    17
         Staff             |       |       |     6 |     2 ||     8
   Cast: Magic Dart        |    56 |    60 |   176 |    58 ||   350
         Searing Ray       |     3 |    19 |    85 |    43 ||   150
         Fulminant Prism   |       |       |     6 |    32 ||    38
         Blink             |       |       |     1 |     4 ||     5
         Passwall          |       |       |       |     2 ||     2
         Passage of Golubr |       |       |       |     1 ||     1
    Use: Scroll            |       |       |     5 |     1 ||     6
 Armour: Skin              |     9 |    20 |    87 |    51 ||   167
  Dodge: Dodged            |    11 |    29 |    77 |    39 ||   156

Table legend: (Time is in decaauts)
 A = Elapsed time spent in this place.
 B = Non-inter-level travel time spent in this place.
 C = Inter-level travel time spent in this place.
 D = Time resting spent in this place.
 E = Time spent auto-exploring this place.
 F = Levels seen in this place.
 G = Mean time per level.
                   A        B        C        D        E       F      G
               +--------+--------+--------+--------+--------+-----+--------+
         Total |  12313 |  11519 |    794 |   1195 |   8551 |  11 | 1119.4 |
       Dungeon |  11329 |  10544 |    785 |   1106 |   8008 |   9 | 1258.8 |
        Temple |     36 |     27 |      9 |      0 |      0 |   1 |   36.0 |
       Ossuary |    948 |    948 |      0 |     89 |    543 |   1 |  948.0 |
               +--------+--------+--------+--------+--------+-----+--------+

Top non-repeatable levels by time:
     D:6: 1756 daAuts
     D:2: 1519 daAuts
     D:4: 1457 daAuts
     D:8: 1349 daAuts
     D:1: 1263 daAuts
     D:3: 1241 daAuts
     D:7: 1240 daAuts
     D:5: 1080 daAuts
 Ossuary: 948 daAuts
     D:9: 420 daAuts
  Temple: 36 daAuts
